AoeStats
← ignacio.dropp

Lombardia

510013320Analyzed
4v4 RM · 4d ago on Sep 29, 2026· 66m 42s· 8 players
Game mode
Random Map
Map size
Large (8 player)
Population
200
Speed
Normal
Resources
Standard
Victory
Conquest
Starting age
Dark Age
Ending age
Imperial Age
RankedLock teamsTeams togetherTeam positionsShared explorationLock speedFull tech treeHidden civsTurbo modeCheats
Victory
Defeat
🇨🇳 Khmer · China
1051
+17
🇺🇸 Magyars · United States
1014
+19
🇧🇴 Goths · Bolivia
1001
+19
🇺🇸 Byzantines · United States
966
+21
🇨🇱 Mapuche · Chile
1141
-23
🇨🇱 Byzantines · Chile
1110
-20
🇨🇱 Spanish · Chile
1049
-18
🇨🇱 Romans · Chile
988
-15
Wahlburgers5203
8:11 Loom
11:11 Feudal Age
13:38 Double-Bit Axe
15:55 Castle Age
15:39 Horse Collar
17:32 Bow Saw
19:25 Wheelbarrow
23:00 Stone Mining
23:45 Heavy Plow
26:16 Hand Cart
26:27 Fletching
27:40 Bodkin Arrow
28:32 Padded Archer Armor
29:18 Ballistics
30:15 Gold Mining
33:50 Imperial Age
31:45 Corvinian Army
33:08 Leather Archer Armor
33:39 Scale Barding Armor
34:47 Bracer
34:21 Sappers
34:53 Recurve Bow
36:00 Chemistry
35:32 Parthian Tactics
34:48 Heavy Cavalry Archer
36:16 Ring Archer Armor
38:49 Caravan
39:49 Thumb Ring
49:45 Elite Magyar Huszar
50:53 Chain Barding Armor
50:45 Murder Holes
58:42 Plate Barding Armor
sweg 696969
10:50 Feudal Age
10:09 Loom
14:17 Double-Bit Axe
20:25 Castle Age
21:24 Fletching
21:35 Padded Archer Armor
21:51 Pikeman
24:23 Wheelbarrow
24:58 Elite Skirmisher
25:38 Bodkin Arrow
25:47 Horse Collar
30:25 Heavy Plow
31:40 Fortified Wall
35:35 Imperial Age
35:07 Ballistics
35:07 Leather Archer Armor
34:54 Scale Mail Armor
35:04 Forging
36:40 Bracer
37:44 Chemistry
38:01 Hand Cart
38:22 Ring Archer Armor
38:00 Scale Barding Armor
38:32 Conscription
45:33 Chain Mail Armor
45:54 Iron Casting
44:45 Elite Cataphract
45:39 Logistica
45:15 Halberdier
49:34 Chain Barding Armor
52:44 Hoardings
52:32 Caravan
53:25 Plate Barding Armor
56:08 Plate Mail Armor
60:50 Bow Saw
61:18 Squires
63:45 Husbandry
65:11 Elite Varangian Guard
Minos
0:29 Loom
12:45 Feudal Age
14:50 Wheelbarrow
17:32 Castle Age
16:14 Double-Bit Axe
16:11 Horse Collar
17:28 Stone Mining
17:31 Gold Mining
26:12 Scale Mail Armor
26:23 Forging
28:22 Heavy Plow
30:07 Pikeman
30:47 Squires
31:04 Squires
37:29 Imperial Age
35:21 Hand Cart
35:52 Chain Mail Armor
36:12 Iron Casting
36:43 Bow Saw
36:51 Anarchy
38:31 Elite Huskarl
39:12 Perfusion
39:33 Conscription
40:41 Iron Casting
41:16 Crop Rotation
42:21 Two-Man Saw
42:34 Halberdier
44:10 Guilds
44:37 Town Watch
46:02 Town Patrol
47:38 Chemistry
47:43 Blast Furnace
46:33 Fletching
49:21 Caravan
59:22 Bodkin Arrow
64:13 Ballistics
63:34 Treadmill Crane
63:50 Murder Holes
佛山大维哥
3:09 Loom
13:27 Feudal Age
14:40 Horse Collar
20:17 Castle Age
18:34 Double-Bit Axe
26:50 Padded Archer Armor
26:40 Fletching
31:30 Caravan
35:14 Bow Saw
36:14 Town Watch
37:08 Gold Mining
41:11 Imperial Age
39:18 Heavy Plow
40:30 Wheelbarrow
42:58 Chemistry
42:19 Ballistics
42:42 Conscription
45:00 Double Crossbow
45:35 Heavy Scorpion
48:41 Hand Cart
49:52 Leather Archer Armor
49:32 Bodkin Arrow
51:18 Hoardings
51:32 Capped Ram
52:30 Siege Ram
56:50 Coinage
Autopawn
7:53 Loom
11:21 Feudal Age
17:02 Double-Bit Axe
21:17 Gold Mining
24:11 Castle Age
26:14 Scale Barding Armor
26:11 Husbandry
27:18 Wheelbarrow
27:41 Forging
28:07 Chain Barding Armor
31:18 Elite Skirmisher
32:57 Fletching
34:56 Crossbowman
37:57 Light Cavalry
38:37 Bodkin Arrow
38:43 Padded Archer Armor
40:28 Leather Archer Armor
41:35 Thumb Ring
44:09 Imperial Age
42:09 Fortified Wall
42:21 Ballistics
45:42 Hand Cart
46:57 Plate Barding Armor
46:15 Horse Collar
48:15 Iron Casting
48:25 Bracer
49:29 Chemistry
50:19 Ring Archer Armor
49:23 Arbalester
51:04 Light Cavalry
53:16 Conscription
54:43 Bombard Tower
55:57 Heavy Camel Rider
58:05 Hussar
59:16 Greek Fire
ignacio.dropp
2:34 Loom
11:12 Feudal Age
12:19 Double-Bit Axe
19:46 Castle Age
19:22 Scale Barding Armor
19:32 Gold Mining
20:21 Horse Collar
21:17 Light Cavalry
22:01 Husbandry
22:13 Bloodlines
23:38 Chain Barding Armor
29:48 Man-at-Arms
34:14 Imperial Age
34:57 Heavy Plow
36:06 Fletching
36:16 Padded Archer Armor
36:02 Heavy Scorpion
36:16 Pikeman
37:41 Halberdier
40:30 Ballistics
42:37 Crop Rotation
42:11 Scale Mail Armor
42:07 Bodkin Arrow
46:19 Long Swordsman
47:32 Elite Centurion
54:54 Light Cavalry
60:15 Legionary
66:02 Bow Saw
alfredoruninm
7:24 Loom
11:30 Feudal Age
14:57 Castle Age
13:35 Double-Bit Axe
14:27 Fletching
14:20 Horse Collar
15:37 Bodkin Arrow
16:43 Padded Archer Armor
19:18 Leather Archer Armor
20:34 Heavy Plow
23:52 Wheelbarrow
23:34 Bow Saw
24:49 Ballistics
25:48 Hand Cart
29:08 Town Watch
30:20 Town Watch
35:45 Imperial Age
33:18 Malon
34:47 Gold Mining
34:48 Stone Mining
36:56 Butalmapu
37:03 Elite Bolas Rider
37:21 Elite Kona
38:32 Forging
40:09 Iron Casting
40:50 Conscription
41:50 Blast Furnace
42:03 Ring Archer Armor
42:37 Chemistry
47:32 Bombard Tower
54:42 Hoardings
56:32 Crop Rotation
56:21 Masonry
56:08 Murder Holes
56:29 Treadmill Crane
60:26 Siege Engineers
60:52 Architecture
gabrieloresp
11:37 Feudal Age
10:01 Loom
15:07 Castle Age
16:48 Forging
16:30 Double-Bit Axe
26:16 Padded Archer Armor
27:50 Wheelbarrow
27:49 Horse Collar
32:50 Imperial Age
31:34 Bloodlines
31:26 Husbandry
32:59 Iron Casting
32:30 Scale Barding Armor
32:44 Hand Cart
32:50 Bow Saw
33:02 Cavalier
34:23 Heavy Plow
35:07 Paladin
37:25 Blast Furnace
36:46 Chain Barding Armor
37:19 Gold Mining
41:01 Conscription
43:23 Light Cavalry
44:29 Hussar
53:49 Plate Barding Armor
Connection lost

Rejoining the realm…

Still unreachable

The connection could not be restored.

Session expired

The server has moved on; the page needs a fresh start.